 Dungeon Crawl Stone Soup version 0.29-a0-723-gce39da1c22 (webtiles) character file.

Game seed: 5117918675274552169

12 blackman the Sneak (level 2, -7/24 HPs)
             Began as a Human Delver on June 28, 2022.
             Mangled by a river rat (9 damage)
             ... in a sewer.
             The game lasted 00:01:25 (370 turns).

blackman the Sneak (Human Delver)                    Turns: 370, Time: 00:01:26

Health: -7/24      AC:  3    Str: 12    XL:     2   Next: 45%
Magic:  2/2        EV: 12    Int: 10    God:
Gold:   0          SH:  0    Dex: 14    Spells: 1/1 levels left

rFire   . . .      SeeInvis .   a - +0 hand axe
rCold   . . .      Faith    .   (no shield)
rNeg    . . .      Spirit   .   b - +0 leather armour
rPois   .          Reflect  .   (no helmet)
rElec   .          Harm     .   (no cloak)
rCorr   .          Rampage  .   (no gloves)
Will    .....                   (no boots)
Stlth   +++.......              (no amulet)
HPRegen 0.08/turn               (no ring)
MPRegen 0.08/turn               (no ring)

@: no status effects
A: no striking features
a: no special abilities


You were in a sewer.
You visited 1 branch of the dungeon, and saw 1 of its levels.
You also visited: Sewer.

Inventory:

Hand Weapons
 a - a +0 hand axe (weapon)
Armour
 b - a +0 leather armour (worn)
Wands
 g - a wand of digging (3)
Scrolls
 c - a scroll of fog
 d - a scroll of magic mapping
 h - a scroll of noise {unknown}
Potions
 f - a potion of haste


   Skills:
 - Level 3.0 Fighting
 + Level 2.9 Axes
 - Level 2.0 Dodging
 - Level 5.0 Stealth


You had one spell level left.
You didn't know any spells.
Your spell library was empty.

Dungeon Overview and Level Annotations

Branches:
Dungeon (5/15)              Sewer (1/1)
 Temple: D:4-7

Altars:


Message History

The adder is almost dead.
You hit the river rat. The adder barely misses you.
The river rat barely misses you.
The rat twitches its whiskers.
As you read the scroll of fear, it crumbles to dust.
You assume a fearsome visage.
The adder looks frightened!
The rat looks frightened! x3; The river rat looks frightened!
You start resting.
A rat is nearby!
A rat is nearby!
A rat is nearby!
A rat is nearby!
A rat is nearby!
Cleave: a) +0 hand axe
Press: ? - help, Dir - move target, f - rat
Aim: a rat (about 38% to evade your +0 hand axe)
You hit the rat.
You kill the rat!
Cleave: a) +0 hand axe
Press: ? - help, Dir - move target, f - you That would be overly suicidal.
Okay, then.
You start resting.
A river rat is nearby!
A river rat is nearby!
A river rat is nearby!
Unknown command.
The river rat twitches its whiskers.
Cleave: a) +0 hand axe
Press: ? - help, Dir - move target, f - river rat
Aim: a river rat (about 42% to evade your +0 hand axe)
You hit the river rat but do no damage. The river rat bites you.
* * * LOW HITPOINT WARNING * * *
Cleave: a) +0 hand axe
Press: ? - help, Dir - move target, f/p - river rat
Aim: a river rat (about 42% to evade your +0 hand axe)
You hit the river rat.
The river rat is heavily wounded.
The river rat closely misses you. The river rat bites you!
You die...

####################
##..@#≈≈≈≈≈≈≈≈≈≈≈≈≈≈≈
#....r≈≈≈≈≈≈≈≈≈.≈≈≈r≈
#..∩.≈≈≈≈≈≈≈#≈#≈≈≈≈r≈
#..∩.≈≈≈≈≈≈≈≈≈≈≈≈≈≈r≈
#....≈≈≈≈≈≈≈≈.≈≈≈≈≈≈≈
##...#≈≈≈≈≈≈≈≈≈≈≈≈≈≈≈
####################


You could see a river rat.

Vanquished Creatures
  A river rat (D:5)
  A ball python (Sewer)
  4 rats
6 creatures vanquished.

Notes
Turn   | Place    | Note
-------+----------+-------------------------------------------
     0 | D:5      | blackman the Human Delver began the quest for the Orb.
     0 | D:5      | Reached XP level 1. HP: 18/18 MP: 1/1
     2 | D:5      | Noticed a hound
    27 | D:5      | Noticed an iguana
    42 | D:5      | Reached XP level 2. HP: 11/24 MP: 2/2
   204 | D:5      | Found a glowing drain.
   208 | Sewer    | Entered a sewer
   303 | Sewer    | HP: 1/24 [adder (1)]
   370 | Sewer    | Mangled by a river rat

Illustrated notes

Levels and vault maps discovered:
D:5:      layout_cave_pools, lemuel_temple_firewalk_b, gup_sewer_entry_bowl,
          roderic_lattice_a
Sewer:    sewer_minmay_w

Action                   || total
-------------------------++-------
Melee: Hand axe          ||    24
  Use: Scroll            ||     1
Armor: Leather armour    ||    10
Dodge: Dodged            ||    23

Table legend: (Time is in decaauts)
 A = Elapsed time spent in this place.
 B = Non-inter-level travel time spent in this place.
 C = Inter-level travel time spent in this place.
 D = Time resting spent in this place.
 E = Time spent auto-exploring this place.
 F = Levels seen in this place.
 G = Mean time per level.
                   A        B        C        D        E       F      G
               +--------+--------+--------+--------+--------+-----+--------+
         Total |    420 |    420 |      0 |    194 |     15 |   2 |  210.0 |
       Dungeon |    213 |    213 |      0 |    157 |      0 |   1 |  213.0 |
         Sewer |    207 |    207 |      0 |     37 |     15 |   1 |  207.0 |
               +--------+--------+--------+--------+--------+-----+--------+

Top non-repeatable levels by time:
     D:5: 213 daAuts
   Sewer: 207 daAuts
